 Dungeon Crawl Stone Soup version 0.28-a0-925-gd5e1996cdb (webtiles) character file.

Game seed: 16223898312512077081

345 freelancePsychic the Skirmisher (level 6, -3/48 HPs)
             Began as a Demonspawn Fighter on Nov 26, 2021.
             Was a Follower of Yredelemnul.
             Slain by an orc priest (4 damage)
             ... on level 4 of the Dungeon.
             The game lasted 00:11:32 (3591 turns).

freelancePsychic the Skirmisher (DsFi)              Turns: 3591, Time: 00:11:32

Health: -3/48      AC: 10    Str: 18    XL:     6   Next: 32%
Magic:  7/7        EV:  9    Int:  9    God:    Yredelemnul [*.....]
Gold:   19         SH:  5    Dex: 13    Spells: 5/5 levels left

rFire   . . .      SeeInvis .   a - +0 hunting sling (flame)
rCold   . . .      Faith    .   c - +0 buckler
rNeg    . . .      Spirit   .   g - +0 scale mail
rPois   .          Reflect  .   (helmet restricted)
rElec   .          Harm     .   (no cloak)
rCorr   .          Rampage  .   l - +0 pair of gloves
Will    .....                   (no boots)
Stlth   ..........              (no amulet)
HPRegen 0.16/turn               (no ring)
MPRegen 0.10/turn               (no ring)

@: no status effects
A: horns 1, slimy green scales 2, foul stench 1
a: Renounce Religion, Animate Remains


You were on level 4 of the Dungeon.
You worshipped Yredelemnul.
Yredelemnul was aware of your devotion.
You visited 1 branch of the dungeon, and saw 4 of its levels.

You collected 75 gold pieces.
You spent 56 gold pieces at shops.

Inventory:

Hand Weapons
 a - a +0 hunting sling of flaming (weapon)
 b - a +0 war axe
Missiles
 f - 31 sling bullets (quivered ammo)
 i - 60 stones
Armour
 c - a +0 buckler (worn)
 g - a +0 scale mail (worn)
 l - a +0 pair of gloves (worn)
 m - a +0 plate armour
Jewellery
 h - an amulet of magic regeneration
Scrolls
 d - a scroll of immolation
 o - a scroll of identify {@r1}
 s - a scroll of teleportation {@r4}
Potions
 j - a potion of degeneration {unknown}
 n - a potion of attraction {unknown}
 q - a potion of berserk rage {unknown}
 r - a potion of mutation {unknown}


   Skills:
 + Level 4.3 Fighting
 - Level 2.1 Axes
 * Level 3.6 Slings
 - Level 2.6 Armour
 + Level 3.8 Shields
 + Level 2.1 Invocations


You had 5 spell levels left.
You didn't know any spells.
Your spell library was empty.

Dungeon Overview and Level Annotations

Branches:
Dungeon (4/15)
 Temple: D:4-7

Altars:
Yredelemnul

Shops:
D:4 ?

Annotations:
D:3 2 transporters, enile's ghost, amateur NaEn


Innate Abilities, Weirdness & Mutations

You have a pair of small horns on your head.
You are mostly covered in slimy green scales. (AC +3)
You may rarely emit foul miasma when damaged in melee.


Message History

The orc priest is healed somewhat.
The orc hits you with a +0 club.
The orc priest hits your orc zombie with a +0 whip of electrocution.
Your orc zombie barely misses the orc priest.
Your orc zombie hits the orc priest but does no damage.
Your orc zombie barely misses the orc.
The orc priest misses you. Something hits you but does no damage.
Unknown command.
The orc closely misses you.
The orc priest hits your orc zombie with a +0 whip of electrocution.
Your orc zombie is destroyed!
Your orc zombie hits the orc priest with a +0 hand axe.
The dart slug launches a dart at you.
The slug dart hits something.
Something hits you but does no damage.
The orc priest begins to cast a cantrip, but forgets the words!
The orc misses you.
The orc priest mumbles some strange prayers to Beogh against you.
Beogh smites you!
Your orc wizard zombie hits the orc priest but does no damage.
Your orc zombie hits the orc priest but does no damage.
Something hits you but does no damage.
The orc priest cheers noisily.
The orc priest hits you but does no damage.
Are you sure you want to stumble around while confused and next to your orc zombie?
Okay, then.
The kobold throws a stone.
The stone hits you but does no damage. The orc hits you but does no damage.
The orc priest hits your orc wizard zombie with a +0 whip of electrocution.
Lightning courses through your orc wizard zombie!
Your orc wizard zombie is destroyed!
The orc priest hits you but does no damage.
Something hits you but does no damage.
Okay, then.
You feel less confused. The orc hits you but does no damage.
The orc priest hits you with a +0 whip of electrocution.
You are electrocuted!!
* * * LOW HITPOINT WARNING * * *
The orc priest hits you with a +0 falchion.
You die...
Your body rises from the dead as a mindless zombie.

##.# #.##.#
#..#.# ##.#.#
#.#.# #...###
#.....####
+(.......#
#Z@o..#
#oo{K.#
#(Bw..#
.(.(.......
..##.........
...
#......... .$
####...... .
...... ###...


You could see 2 orc priests, a dart slug, an orc, a giant cockroach, a kobold
and a friendly orc zombie.

Vanquished Creatures
  A phantom (D:4)
  A bullfrog (D:3)
  2 iguanas (D:4)
  2 orc wizards (D:4)
  A gnoll (D:1)
  An adder (D:3)
  3 worms
  2 dart slugs
  6 orcs
  4 ball pythons
  5 endoplasms
  6 giant cockroaches
  7 goblins
  3 hobgoblins
  3 jackals (D:1)
  5 kobolds
  5 quokkas
  4 bats
  5 frilled lizards
  6 rats
72 creatures vanquished.

Vanquished Creatures (collateral kills)
  A worm (D:4)
1 creature vanquished.

Vanquished Creatures (others)
  2 orc zombies (D:4)
2 creatures vanquished.

Grand Total: 75 creatures vanquished

Notes
Turn   | Place    | Note
-------+----------+-------------------------------------------
     0 | D:1      | freelancePsychic the Demonspawn Fighter began the quest for
                  | the Orb.
     0 | D:1      | Reached XP level 1. HP: 18/18 MP: 1/1
   243 | D:1      | Gained mutation: You have a pair of small horns on your
                  | head. [demonic ancestry]
   243 | D:1      | Reached XP level 2. HP: 24/24 MP: 2/2
   410 | D:1      | Reached skill level 1 in Slings
   565 | D:1      | Reached XP level 3. HP: 27/29 MP: 3/3
  1251 | D:2      | Found a basalt altar of Yredelemnul.
  1427 | D:2      | Became a worshipper of Yredelemnul the Dark
  2019 | D:3      | Gained mutation: You are partially covered in slimy green
                  | scales. (AC +2) [demonic ancestry]
  2019 | D:3      | Reached XP level 4. HP: 35/35 MP: 4/4
  2084 | D:3      | Noticed a bullfrog
  2098 | D:3      | Killed a bullfrog
  2099 | D:3      | Gained mutation: You are mostly covered in slimy green
                  | scales. (AC +3) [demonic ancestry]
  2099 | D:3      | Reached XP level 5. HP: 27/42 MP: 5/5
  2428 | D:3      | Found a transporter.
  2430 | D:3      | Noticed enile's ghost (amateur NaEn)
  2880 | D:3      | Found a transporter.
  3037 | D:3      | Reached * piety under Yredelemnul
  3182 | D:4      | Reached skill level 4 in Fighting
  3182 | D:4      | Reached skill level 1 in Invocations
  3442 | D:4      | Found Qipuy's Magic Scroll Shoppe.
  3464 | D:4      | Gained mutation: You may rarely emit foul miasma when
                  | damaged in melee. [demonic ancestry]
  3464 | D:4      | Reached XP level 6. HP: 35/48 MP: 7/7
  3474 | D:4      | Bought a scroll of identify for 28 gold pieces
  3474 | D:4      | Bought a scroll of identify for 28 gold pieces
  3591 | D:4      | HP: 1/48 [orc priest (19)]
  3591 | D:4      | Slain by an orc priest

Illustrated notes

Levels and vault maps discovered:
D:1:      lemuel_arrival_hallway, layout_loops_ring, st_stairs_1,
          minmay_misc_feat_columns
D:2:      layout_loops_ring, basic_altar
D:3:      layout_loops_corners, gammafunk_ghost_mausoleum, st_stairs_11,
          grunt_decor_one_mirror
D:4:      layout_basic, lemuel_mausoleum_altar_yredelemnul, serial_shops, shop

Skill      XL: |  1  2  3  4  5  6 |
---------------+-------------------+-----
Axes           | 2 |  2.1
Slings         | 1 2 3 |  3.6
Shields        | 3 |  3.8
Fighting       | 4 |  4.3
Invocations    | 1 2 |  2.1
Armour         | |  2.6

Action                   |  1- 3 |  4- 6 || total
-------------------------+-------+-------++-------
Melee: War axe           |    15 |    17 ||    32
       Headbutt          |       |     5 ||     5
 Fire: Hunting sling     |   141 |   112 ||   253
Invok: Animate Remains   |       |     3 ||     3
  Use: Scroll            |     3 |     5 ||     8
       Potion            |       |     3 ||     3
Armor: Scale mail        |    36 |    51 ||    87
Dodge: Dodged            |    33 |    27 ||    60
Block: Buckler           |    14 |    12 ||    26

Table legend: (Time is in decaauts)
 A = Elapsed time spent in this place.
 B = Non-inter-level travel time spent in this place.
 C = Inter-level travel time spent in this place.
 D = Time resting spent in this place.
 E = Time spent auto-exploring this place.
 F = Levels seen in this place.
 G = Mean time per level.
                   A        B        C        D        E       F      G
               +--------+--------+--------+--------+--------+-----+--------+
         Total |   3629 |   3521 |    108 |     98 |   2808 |   4 |  907.2 |
       Dungeon |   3629 |   3521 |    108 |     98 |   2808 |   4 |  907.2 |
               +--------+--------+--------+--------+--------+-----+--------+

Top non-repeatable levels by time:
     D:3: 1186 daAuts
     D:2: 1026 daAuts
     D:1: 982 daAuts
     D:4: 433 daAuts
